 Dungeon Crawl Stone Soup version 0.29-a0-8-g0446c0dae4 (webtiles) character file.

Game seed: 5606690125379321918

134 testman the Chopper (level 5, 0/48 HPs)
             Began as a Hill Orc Monk on Jan 27, 2022.
             Was a Priest of Cheibriados.
             Slain by Pargi (6 damage)
             ... in a sewer.
             The game lasted 00:11:13 (3252 turns).

testman the Chopper (Hill Orc Monk)                 Turns: 3252, Time: 00:11:14

Health: 0/48       AC:  2    Str: 21    XL:     5   Next: 17%
Magic:  3/5        EV: 13    Int: 19    God:    Cheibriados [***...]
Gold:   261        SH:  0    Dex: 20    Spells: 3/4 levels left

rFire   . . .      SeeInvis .   e - +0 war axe
rCold   . . .      Faith    .   (no shield)
rNeg    . . .      Spirit   .   b - +0 robe
rPois   .          Reflect  .   (no helmet)
rElec   .          Harm     .   (no cloak)
rCorr   .          Rampage  .   (no gloves)
Will    .....                   (no boots)
Stlth   +.........              (no amulet)
HPRegen 0.16/turn               (no ring)
MPRegen 0.09/turn               (no ring)

@: very slow
A: no striking features
a: Renounce Religion, Bend Time, Temporal Distortion


You were in a sewer.
You worshipped Cheibriados.
Cheibriados was most pleased with you.
You visited 1 branch of the dungeon, and saw 4 of its levels.
You also visited: Sewer.

You collected 261 gold pieces.

Inventory:

Hand Weapons
 c - a +0 hunting sling
 e - a +0 war axe (weapon)
Missiles
 g - 74 stones
 l - 17 poisoned darts
Armour
 b - a +0 robe (worn)
 f - a +0 ring mail
Scrolls
 d - 2 scrolls of identify
 k - a scroll of teleportation
Potions
 a - a potion of brilliance {unknown}
 h - a potion of might {unknown}
 i - a potion of attraction
 j - a potion of berserk rage
 m - a potion of flight {unknown}
 o - a potion of curing {unknown}


   Skills:
 + Level 5.0 Fighting
 + Level 5.5 Axes
 - Level 2.4 Dodging
 - Level 1.5 Stealth
 + Level 1.4 Conjurations
 + Level 1.5 Fire Magic


You had 3 spell levels left.
You knew the following spells:

 Your Spells              Type           Power      Damage    Failure   Level
a - Foxfire               Conj/Fire      20%        2x1d5     12%         1

Your spell library contained the following spells:

 Spells                   Type           Power      Damage    Failure   Level
 Magic Dart               Conj           20%        1d4       12%         1
 Animate Skeleton         Necr           0%         N/A       21%         1
 Freeze                   Ice            0%         1d3       21%         1
 Pain                     Necr           0%         1d4       21%         1
 Call Imp                 Summ           0%         N/A       30%         2
 Corpse Rot               Necr/Air       0%         N/A       30%         2
 Sublimation of Blood     Necr           0%         N/A       30%         2
 Wereblood                Tmut           0%         N/A       30%         2
 Conjure Flame            Conj/Fire      5%         6-21      34%         3
 Inner Flame              Hex/Fire       2%         N/A       41%         3
 Mephitic Cloud           Conj/Pois/Air  1%         N/A       45%         3
 Frozen Ramparts          Ice            0%         1d2       52%         3
 Vampiric Draining        Necr           0%         2d6       52%         3
 Flame Wave               Conj/Fire      5%         2d5       75%         4
 Fulminant Prism          Conj/Hex       1%         3d6       83%         4
 Hailstorm                Conj/Ice       2%         3d3       83%         4
 Iskenderun's Mystic Bla  Conj/Tloc      2%         2d3       83%         4
 Dispel Undead            Necr           0%         3d6       90%         4
 Lee's Rapid Deconstruct  Erth           0%         3d5*      99%         5
 Death Channel            Necr           0%         N/A       100%        6
 Summon Hydra             Summ           0%         N/A       100%        7


Dungeon Overview and Level Annotations

Branches:
Dungeon (4/15)              Sewer (1/1)
 Temple: D:4-7

Altars:
Cheibriados
Fedhas

Annotations:
Sewer Pargi


Message History

Pargi is heavily wounded.
Your unstable footing causes you to fumble your attack.
Pargi bites you. Pargi claws you but does no damage. Pargi claws you.
You closely miss Pargi.
Pargi is heavily wounded.
Pargi misses you. Pargi claws you. Pargi barely misses you.
Your magical contamination has completely faded away.
You closely miss Pargi.
Pargi is moderately wounded.
Pargi bites you.
Pargi claws you but does no damage. x2; Pargi bites you!
Pargi misses you. Pargi claws you.
Your unstable footing causes you to fumble your attack.
Pargi looks around nervously.
Pargi bites you. Pargi claws you. x2
You closely miss Pargi.
Pargi is moderately wounded.
Pargi hisses menacingly.
Pargi barely misses you. Pargi claws you but does no damage.
Pargi closely misses you.
Your unstable footing causes you to fumble your attack.
Pargi closely misses you. Pargi claws you. Pargi closely misses you.
You hit Pargi but do no damage.
Pargi is moderately wounded.
Pargi bites you.
* * * LOW HITPOINT WARNING * * *
Pargi barely misses you. Pargi claws you.
* * * LOW HITPOINT WARNING * * *
You closely miss Pargi.
Pargi is moderately wounded.
Pargi closely misses you. Pargi claws you.
* * * LOW HITPOINT WARNING * * *
Pargi claws you but does no damage. Pargi bites you.
* * * LOW HITPOINT WARNING * * *
Pargi claws you.
* * * LOW HITPOINT WARNING * * *
Pargi misses you.
You slash Pargi!
Pargi is heavily wounded.
Pargi bites you.
You die...

##≈#≈# ≈≈#
≈#≈≈≈≈≈##≈≈####
≈≈≈≈≈≈≈≈≈≈≈≈≈≈#
≈≈≈≈≈≈≈≈≈≈≈≈≈≈####
≈≈≈≈≈≈≈≈≈≈≈≈≈≈≈#≈#
≈≈≈≈≈≈≈≈≈≈≈≈≈≈≈≈≈##
≈≈≈≈≈≈≈≈≈≈≈≈≈≈≈≈≈≈##
≈≈≈≈..T@≈≈≈≈≈≈≈≈≈≈≈##
≈≈≈≈..##.≈≈≈≈≈≈≈≈≈≈≈#
≈.### ###.≈≈≈≈≈≈≈≈≈##
#..≈≈≈≈≈≈≈≈≈≈#
#####≈≈≈≈≈≈≈≈##
##.≈≈≈≈≈≈≈# ##≈≈≈≈≈≈#
##≈≈≈≈≈≈# #≈≈≈≈≈≈≈#


You could see Pargi.

Vanquished Creatures
  Terence (D:3)
  An iguana (D:4)
  3 adders
  A worm (D:4)
  An orc (D:3)
  6 bats
  4 endoplasms
  4 giant cockroaches
  4 goblins
  5 hobgoblins
  5 kobolds
  A quokka (D:4)
  7 ball pythons
  5 frilled lizards
  5 rats
53 creatures vanquished.

Vanquished Creatures (others)
  10 foxfires
10 creatures vanquished.

Grand Total: 63 creatures vanquished

Notes
Turn   | Place    | Note
-------+----------+-------------------------------------------
     0 | D:1      | testman the Hill Orc Monk began the quest for the Orb.
     0 | D:1      | Reached XP level 1. HP: 19/19 MP: 1/1
   194 | D:1      | Reached XP level 2. HP: 22/27 MP: 2/2
   402 | D:1      | Learned a level 1 spell: Foxfire
   936 | D:2      | Reached XP level 3. HP: 33/33 MP: 3/3
  1536 | D:2      | Reached skill level 1 in Fire Magic
  1853 | D:3      | Reached skill level 1 in Conjurations
  2224 | D:3      | Found a faded altar of an unknown god.
  2234 | D:3      | Prayed at the altar of an unknown god.
  2234 | D:3      | Became a worshipper of Cheibriados the Contemplative
  2234 | D:3      | Reached * piety under Cheibriados
  2234 | D:3      | Reached ** piety under Cheibriados
  2256 | D:3      | Noticed Terence
  2261 | D:3      | Killed Terence
  2262 | D:3      | Reached skill level 5 in Axes
  2262 | D:3      | Reached XP level 4. HP: 31/41 MP: 4/4
  2720 | D:4      | Found a blossoming altar of Fedhas.
  2872 | D:4      | Noticed an ogre
  2884 | D:4      | Reached *** piety under Cheibriados
  2939 | D:4      | Reached skill level 5 in Fighting
  2939 | D:4      | Reached XP level 5. HP: 17/48 MP: 5/5
  2942 | D:4      | Found a glowing drain.
  2949 | Sewer    | Entered a sewer
  3238 | Sewer    | Noticed Pargi
  3252 | Sewer    | Slain by Pargi

Illustrated notes

Levels and vault maps discovered:
D:1:      psy_arrival_conway, layout_loops_ring
D:2:      layout_loops_ring
D:3:      layout_loops_ring, ebering_ecumenical_altar_box, uniq_terence
D:4:      layout_basic, fedhas_ov_isle_minmay, gup_sewer_entry_bubbles,
          st_stairs_2, grunt_ministairs_8, minmay_liquid_box, kennysheep_path_1
Sewer:    sewer_co_pargi_island

Skill      XL: |  1  2  3  4 |
---------------+-------------+-----
Fighting       | 4 5 |  5.0
Fire Magic     | 1 |  1.5
Conjurations   | 1 |  1.4
Axes           | 5 |  5.5
Dodging        | |  2.4
Stealth        | |  1.5

Action                   |  1- 3 |  4- 6 || total
-------------------------+-------+-------++-------
Melee: Hand axe          |   128 |     2 ||   130
       War axe           |       |    52 ||    52
Throw: Stone             |       |     1 ||     1
 Cast: Foxfire           |       |     5 ||     5
  Use: Scroll            |       |     6 ||     6
 Stab: Sleeping          |     3 |     1 ||     4
Armor: Robe              |     1 |    11 ||    12
       Ring mail         |    34 |       ||    34
Dodge: Dodged            |    89 |    38 ||   127

Table legend: (Time is in decaauts)
 A = Elapsed time spent in this place.
 B = Non-inter-level travel time spent in this place.
 C = Inter-level travel time spent in this place.
 D = Time resting spent in this place.
 E = Time spent auto-exploring this place.
 F = Levels seen in this place.
 G = Mean time per level.
                   A        B        C        D        E       F      G
               +--------+--------+--------+--------+--------+-----+--------+
         Total |   3535 |   3430 |    105 |    310 |   2391 |   5 |  707.0 |
       Dungeon |   3215 |   3110 |    105 |     55 |   2374 |   4 |  803.8 |
         Sewer |    319 |    319 |      0 |    255 |     16 |   1 |  319.0 |
               +--------+--------+--------+--------+--------+-----+--------+

Top non-repeatable levels by time:
     D:1: 936 daAuts
     D:3: 925 daAuts
     D:2: 814 daAuts
     D:4: 539 daAuts
   Sewer: 319 daAuts
